 Dungeon Crawl Stone Soup version 0.18.1-48-g4cf74bf (webtiles) character file.

965 nikopol the Poker (level 7, -3/64 HPs)
             Began as a Minotaur Berserker on June 26, 2016.
             Was an Elder of Trog.
             Slain by nikopol's ghost (11 damage)
             ... on level 7 of the Dungeon.
             The game lasted 00:08:44 (4385 turns).

nikopol the Poker (Minotaur Berserker)              Turns: 4385, Time: 00:08:45

Health: -3/64      AC:  8    Str: 21    XL:     7   Next: 93%
Magic:  6/6        EV: 12    Int:  4    God:    Trog [****..]
Gold:   320        SH:  0    Dex: 12    Spells: 0 memorised, 6 levels left

rFire  . . .     SeeInvis .     I - +0 trident
rCold  . . .     Gourm    .     p - +0 scale mail
rNeg   . . .     Faith    .     (no shield)
rPois  .         Spirit   .     (helmet restricted)
rElec  .         Dismiss  .     y - +0 cloak
rCorr  .         Reflect  .     (no gloves)
SustAt .         Harm     .     (no boots)
MR     .....                    (no amulet)
Stlth  ..........               (no ring)
                                (no ring)

@: exhausted, slowed, very slow, not resistant to hostile enchantments,
extremely unstealthy
A: retaliatory headbutt, horns 2
a: Berserk, Trog's Hand, Brothers in Arms, Burn Spellbooks, Renounce Religion


You were on level 7 of the Dungeon.
You worshipped Trog.
Trog was greatly pleased with you.
You were very hungry.

You visited 1 branch of the dungeon, and saw 7 of its levels.

You collected 320 gold pieces.

Inventory:

Hand Weapons
 a - a +0 spear
 I - a +0 trident (weapon)
Missiles
 F - 77 arrows (quivered)
Armour
 b - a +0 animal skin
 j - a +0 leather armour
 p - a +0 scale mail (worn)
 y - a +0 cloak (worn)
Wands
 s - a wand of lightning (7/15)
 u - a wand of slowing (8/48)
Scrolls
 d - 5 scrolls of teleportation {unknown}
 e - 3 scrolls of noise {unknown}
 h - 8 scrolls of identify {unknown}
 r - 2 scrolls of random uselessness {unknown}
 v - 2 scrolls of blinking {unknown}
 x - 2 scrolls of recharging {unknown}
 C - a scroll of magic mapping {unknown}
 D - a scroll of amnesia {unknown}
 E - 2 scrolls of remove curse {unknown}
 G - a scroll of enchant weapon {unknown}
 K - 2 scrolls of immolation {unknown}
 M - a scroll of fear {unknown}
Potions
 f - a potion of beneficial mutation {unknown}
 i - a potion of resistance {unknown}
 k - 3 potions of lignification {unknown}
 l - 2 potions of curing {unknown}
 o - a potion of berserk rage {unknown}
 q - 2 potions of brilliance {unknown}
 t - 2 potions of might {unknown}
 w - 2 potions of degeneration {unknown}
 z - a potion of heal wounds {unknown}
 B - a potion of flight {unknown}
Books
 J - a book of Summonings

   Spells                             Type                      Level
   a - Recall                         Summoning/Translocation      3
   b - Aura of Abjuration             Summoning                    5
   c - Summon Demon                   Summoning                    5
   d - Summon Forest                  Summoning/Translocation      5
   e - Summon Mana Viper              Hexes/Summoning              5
   f - Shadow Creatures               Summoning                    6
   Trog disapproves of the use of such an item.
Comestibles
 c - 3 bread rations
 g - a slice of pizza
 m - a royal jelly
 n - 3 fruits
 A - 3 meat rations
 H - a beef jerky


   Skills:
 + Level 6.5 Fighting
 + Level 6.5 Polearms
 + Level 6.0 Armour
 + Level 5.3 Dodging


You had 6 spell levels left.
You didn't know any spells.

Dungeon Overview and Level Annotations

Branches:
Dungeon (7/15)             Temple (0/1) D:4

Altars:
Dithmenos
Elyvilon
Pakellas
Vehumet
The Shining One

Annotations:
D:7 nikopol's ghost, novice MiBe


Innate Abilities, Weirdness & Mutations

You reflexively headbutt those who attack you in melee.
You have a pair of horns on your head.


Message History

Nikopol's ghost is heavily damaged.
Nikopol's ghost completely misses you. Nikopol's ghost hits you!
You hit nikopol's ghost but do no damage.
Nikopol's ghost is heavily damaged.
Nikopol's ghost closely misses you. You furiously retaliate!
You headbutt nikopol's ghost. You puncture nikopol's ghost!
Nikopol's ghost is severely damaged.
Nikopol's ghost misses you.
Nikopol's ghost whispers, "The ORB doesn't exist."
Nikopol's ghost hits you!
* * * LOW HITPOINT WARNING * * *
You closely miss nikopol's ghost. Your headbutt misses nikopol's ghost.
Nikopol's ghost is severely damaged.
Nikopol's ghost hits you.
* * * LOW HITPOINT WARNING * * *
You hit nikopol's ghost. Your headbutt misses nikopol's ghost.
Nikopol's ghost is severely damaged.
Nikopol's ghost hits you!
You die...

#.....?......#
#.#............#
#.#............#
#..............#
.........<>....#
#.............#
#.......W(....#
#......@.....#
#...........##
#.#.........#
###.#..)......#
#.#.#.........#
#.##<#.#.........#
#......#.........#
........###.........#
....##### ..........#


You could see nikopol's ghost.

Vanquished Creatures
  Sigmund (D:3)
  The ghost of Reyan the Skirmisher, an amateur DrSk (D:3)
  A phantom (D:5)
  An ogre (D:7)
  2 scorpions (D:4)
  2 howler monkeys
  A hound (D:4)
  A giant frog zombie (D:5)
  3 orc priests
  An orc wizard (D:4)
  Crazy Yiuf (D:3)
  Jessica (D:3)
  Robin (D:3)
  2 adders (D:3)
  An ooze (D:4)
  An adder skeleton (D:4)
  2 worms
  4 giant geckos
  10 orcs
  8 bats
  8 giant cockroaches
  13 goblins
  9 hobgoblins
  9 jackals
  5 quokkas
  2 ball pythons
  6 giant newts
  4 kobolds
  A quokka zombie (D:4)
  4 rats
106 creatures vanquished.

Vanquished Creatures (others)
  A jackal (D:5)
1 creature vanquished.

Grand Total: 107 creatures vanquished

Notes
Turn   | Place    | Note
--------------------------------------------------------------
     0 | D:1      | nikopol the Minotaur Berserker began the quest for the Orb.
     0 | D:1      | Reached XP level 1. HP: 19/19 MP: 0/0
    72 | D:1      | Reached XP level 2. HP: 22/27 MP: 1/1
   242 | D:1      | Reached ** piety under Trog
   426 | D:2      | Reached XP level 3. HP: 31/33 MP: 2/2
  1005 | D:2      | Found a white marble altar of Elyvilon.
  1193 | D:3      | Noticed Sigmund
  1206 | D:3      | Killed Sigmund
  1206 | D:3      | Reached skill level 5 in Fighting
  1206 | D:3      | Reached skill level 5 in Polearms
  1206 | D:3      | Reached XP level 4. HP: 42/42 MP: 3/3
  1206 | D:3      | Reached XP level 5. HP: 48/48 MP: 4/4
  1360 | D:3      | Noticed Reyan's ghost (amateur DrSk)
  1368 | D:3      | Killed Reyan's ghost
  1368 | D:3      | Reached XP level 6. HP: 56/56 MP: 5/5
  1487 | D:3      | Noticed Robin
  1492 | D:3      | Reached *** piety under Trog
  1512 | D:3      | Killed Robin
  1602 | D:3      | Noticed Jessica
  1611 | D:3      | Killed Jessica
  1747 | D:3      | Noticed Crazy Yiuf
  1757 | D:3      | Killed Crazy Yiuf
  2250 | D:4      | Found a staircase to the Ecumenical Temple.
  2281 | D:4      | Reached XP level 7. HP: 50/62 MP: 6/6
  2379 | D:4      | Reached skill level 5 in Armour
  2545 | D:4      | Reached **** piety under Trog
  2868 | D:5      | Entered Level 5 of the Dungeon
  2996 | D:5      | Found an oddly glowing altar of Pakellas.
  3050 | D:4      | Found a shadowy altar of Dithmenos.
  3119 | D:5      | Found a radiant altar of Vehumet.
  3359 | D:5      | Reached skill level 5 in Dodging
  3432 | D:5      | Found a glowing golden altar of the Shining One.
  4359 | D:7      | Noticed nikopol's ghost (novice MiBe)
  4385 | D:7      | Slain by nikopol's ghost

Skill      XL: |  1  2  3  4  5  6  7 |
---------------+----------------------+-----
Polearms       | 4 5 6 |  6.5
Armour         | 3 4 6 |  6.0
Fighting       | 4 5 6 |  6.5
Dodging        | 3 4 5 |  5.3

Action                   |  1- 3 |  4- 6 |  7- 9 || total
-------------------------+-------+-------+-------++-------
Melee: Spear             |   101 |   120 |   116 ||   337
       Headbutt          |    16 |    12 |    34 ||    62
       Trident           |       |       |    32 ||    32
Invok: Berserk           |     1 |     2 |     1 ||     4
       Burn Spellbooks   |       |     1 |     1 ||     2
 Stab: Sleeping          |     1 |       |       ||     1
  Eat: Chunk             |     1 |     7 |     5 ||    13
       Fruit             |       |       |     1 ||     1
Armor: Animal skin       |     6 |       |       ||     6
       Leather armour    |     3 |    15 |       ||    18
       Scale mail        |       |     6 |    36 ||    42
Dodge: Dodged            |    29 |    57 |    59 ||   145
